 Dungeon Crawl Stone Soup version 0.29.1-15-g9cfb28693d (webtiles) character file.

Game seed: 612535646906856077

665 H0rd4k the Charlatan (level 7, -4/52 HPs)
             Began as a Human Artificer on May 2, 2023.
             Was an Initiate of Gozag.
             Slain by an iguana (11 damage)
             ... on level 5 of the Dungeon.
             The game lasted 00:05:07 (4739 turns).

H0rd4k the Charlatan (Human Artificer)              Turns: 4739, Time: 00:05:07

Health: -4/52      AC:  8    Str: 12    XL:     7   Next: 87%
Magic:  11/11      EV: 11    Int: 13    God:    Gozag
Gold:   193        SH:  0    Dex: 14    Spells: 11/11 levels left

rFire   . . .      SeeInvis .   r - +2 dagger (elec)
rCold   + . .      Faith    .   (no shield)
rNeg    . . .      Spirit   .   q - +2 ring mail {rC+}
rPois   .          Reflect  .   (no helmet)
rElec   .          Harm     .   (no cloak)
rCorr   .          Rampage  .   (no gloves)
Will    .....                   z - +0 pair of boots
Stlth   ++........              (no amulet)
HPRegen 0.17/turn               (no ring)
MPRegen 0.12/turn               (no ring)

@: gold aura
A: no striking features
a: Renounce Religion, Potion Petition, Call Merchant, Bribe Branch


You were on level 5 of the Dungeon.
You worshipped Gozag.
Gozag was aware of your devotion.
You visited 1 branch of the dungeon, and saw 5 of its levels.

You collected 240 gold pieces.
You paid 47 gold pieces to Gozag.

Inventory:

Hand Weapons
 r - a +2 dagger of electrocution (weapon)
 x - a +0 falchion of flaming
Missiles
 e - 2 poisoned darts
Armour
 p - a +2 robe of willpower
 q - a +2 ring mail of cold resistance (worn)
 z - a +0 pair of boots (worn)
Wands
 c - a wand of flame (4) (quivered)
 d - a wand of charming (9)
Scrolls
 a - 2 scrolls of vulnerability {unknown}
 i - a scroll of identify {unknown}
 j - 2 scrolls of enchant weapon {unknown}
 o - 4 scrolls of teleportation {unknown}
 t - a scroll of fear {unknown}
 v - a scroll of brand weapon {unknown}
 w - a scroll of torment {unknown}
 y - a scroll of enchant armour {unknown}
Potions
 b - 2 potions of ambrosia {unknown}
 f - 2 potions of degeneration {unknown}
 g - a potion of curing {unknown}
 h - 3 potions of berserk rage {unknown}
 k - 2 potions of attraction {unknown}
 l - a potion of haste
 m - a potion of brilliance {unknown}
 n - a potion of heal wounds {unknown}
 s - a potion of invisibility {unknown}
 u - a potion of might {unknown}
 A - a potion of lignification {unknown}


   Skills:
 + Level 3.6 Fighting
 + Level 2.0 Short Blades
 - Level 1.0 Maces & Flails
 - Level 2.0 Armour
 + Level 3.4 Dodging
 + Level 2.8 Stealth
 * Level 2.7 Spellcasting
 + Level 4.6 Evocations


You had 11 spell levels left.
You didn't know any spells.
Your spell library contained the following spells:

 Spells                   Type           Power      Damage    Failure   Level
 Apportation              Tloc           2%         N/A       45%         1
 Necrotise                Necr           4%         1d4       45%         1
 Summon Small Mammal      Summ           4%         N/A       45%         1
 Poisonous Vapours        Pois/Air       2%         N/A       61%         2
 Sublimation of Blood     Necr           1%         N/A       61%         2
 Airstrike                Air            0%         2d(1-17)  99%         4
 Petrify                  Tmut/Erth      1%         N/A       99%         4
 Summon Lightning Spire   Summ/Air       1%         N/A       99%         4
 Irradiate                Conj/Tmut      0%         3d11      100%        5
 Lightning Bolt           Conj/Air       0%         1d11      100%        5
 Corpse Rot               Necr/Pois/Air  Unusable   N/A       N/A         4

Dungeon Overview and Level Annotations

Branches:
Dungeon (5/15)
 Temple: D:4-7

Altars:
Elyvilon
Gozag
The Shining One

Annotations:
D:5 Dowan, Grinder


Message History

You closely miss the hound.
The hound is lightly wounded.
The orc barely misses you.
The hound is distracted by your dazzling golden aura.
The hound barks!
You miss the hound.
The hound is no longer distracted by gold.
The hound is lightly wounded.
The hound closely misses you.
The orc hits you from afar with a +0 trident.
* * * LOW HITPOINT WARNING * * *
The hound bites you but does no damage.
Unknown command.
Aiming: Charm
Press: ? - help, Shift-Dir - straight line, f - hound
Aim: a hound (lightly wounded, chance to affect: 69%)
The hound is charmed.
The orc hits you from afar with a +0 trident!
* * * LOW HITPOINT WARNING * * *
The orc barely misses your hound. What are your orders? t - Shout!
Orders for allies: a - Attack new target. p - Attack previous target. r - Retreat! s - Stop attacking. g - Guard the area. f - Follow me.
Anything else - Cancel.
Guard this area!
Your hound barely misses the orc.
The orc hits you from afar with a +0 trident.
* * * LOW HITPOINT WARNING * * *
The orc is distracted by your dazzling golden aura.
Your hound bites the orc.
The orc dies!
The iguana is distracted by your dazzling golden aura.
Your hound barely misses the orc.
The iguana hisses angrily.
You feel a bit more experienced.
Found a stone staircase leading up.
The iguana bites you!
You die...
Your body crumbles into a pile of gold.

##.#..l#### ##...##
......$$..# ##.(.## $
...#...##.# #...#.#
##.# #.## #..#..# #
#.###o.###.#...#
##.#..##.....##...##
#.#...##.....##...##
#..l# #....#..#...#
#.###@####...#....#..#
#...........#......#.#
#####.######...##...##
#.# ########## #<#
####.##.# #.. ...$##.#
### #..# #.# #<.# #.#
#..###.##


You could see an iguana.

Vanquished Creatures
  Sigmund (D:3)
  Duvessa (D:5)
  A crimson imp (D:3)
  A hound (D:4)
  An orc priest (D:4)
  Natasha (thrice) (D:3)
  An iguana (D:5)
  Robin (D:3)
  5 adders
  A gnoll (D:3)
  An ufetubus (D:4)
  2 worms
  3 dart slugs
  9 orcs
  6 endoplasms
  5 hobgoblins
  4 jackals (D:1)
  2 quokkas
  2 ball pythons (D:2)
  A bat (D:3)
  4 frilled lizards
  14 goblins
  A goblin zombie (D:4)
  5 hobgoblin zombies (D:4)
  7 kobolds
  A kobold skeleton (D:4)
  An orc zombie (D:4)
  11 rats
95 creatures vanquished.

Vanquished Creatures (collateral kills)
  An iguana (D:5)
  A gnoll (D:3)
  2 orcs (D:5)
4 creatures vanquished.

Vanquished Creatures (others)
  A hound (D:5)
  A gnoll (D:3)
  2 fungi (D:1)
4 creatures vanquished.

Grand Total: 103 creatures vanquished

Notes
Turn   | Place    | Note
-------+----------+-------------------------------------------
     0 | D:1      | H0rd4k the Human Artificer began the quest for the Orb.
     0 | D:1      | Reached XP level 1. HP: 15/15 MP: 1/1
     4 | D:1      | Noticed an electric eel
   530 | D:1      | Reached XP level 2. HP: 5/21 MP: 2/2
   928 | D:1      | Found a faded altar of an unknown god.
  1135 | D:2      | Reached XP level 3. HP: 16/26 MP: 3/3
  1305 | D:3      | Noticed Natasha
  1308 | D:3      | Killed Natasha
  1309 | D:3      | Reached skill level 1 in Maces & Flails
  1319 | D:3      | Reached XP level 4. HP: 30/32 MP: 4/4
  1541 | D:3      | Found a white marble altar of Elyvilon.
  1609 | D:3      | Noticed Natasha
  1618 | D:3      | Killed Natasha
  1619 | D:3      | Reached skill level 4 in Evocations
  1871 | D:3      | Noticed Natasha
  1877 | D:3      | Killed Natasha
  1878 | D:3      | Reached XP level 5. HP: 31/38 MP: 4/6
  1939 | D:3      | Noticed Robin
  1952 | D:3      | Reached skill level 1 in Spellcasting
  1994 | D:3      | Noticed Sigmund
  1998 | D:3      | Killed Sigmund
  1999 | D:3      | Reached XP level 6. HP: 14/46 MP: 6/8
  2453 | D:3      | Killed Robin
  3688 | D:3      | Reached XP level 7. HP: 52/52 MP: 10/10
  3839 | D:4      | Found a glowing golden altar of the Shining One.
  3958 | D:4      | Reached skill level 1 in Short Blades
  4119 | D:4      | Found an opulent altar of Gozag.
  4173 | D:4      | Became a worshipper of Gozag Ym Sagoz the Greedy
  4493 | D:5      | Entered Level 5 of the Dungeon
  4544 | D:5      | Noticed Duvessa
  4545 | D:5      | Noticed Dowan
  4551 | D:5      | Killed Duvessa
  4598 | D:5      | Noticed Grinder
  4739 | D:5      | Slain by an iguana

Illustrated notes

Levels and vault maps discovered:
D:1:      arrival_aquarium_a, layout_rooms, dreamdust_ecumenical_altar_grove,
          minmay_rat_gold_closets
D:2:      layout_rooms, reono_crystal_passage
D:3:      layout_basic, elyvilon_altar_5, uniq_sigmund, uniq_robin, uniq_natasha
D:4:      layout_cave_pools, grunt_gozag_statues, nicolae_tso_besieged_by_evil,
          fountainhead
D:5:      layout_loops_ring, nicolae_uskayaw_suspiria,
          nicolae_ossuary_entry_plus, cheibrodos_sewer_entry_bend,
          hangedman_decor_slide_cut, uniq_duvessa, uniq_grinder, uniq_pikel

Skill      XL: |  1  2  3  4  5  6  7 |
---------------+----------------------+-----
Maces & Flails | 1 |  1.0
Evocations     | 4 |  4.6
Fighting       | 2 3 |  3.6
Spellcasting   | 1 2 |  2.7
Dodging        | 2 3 |  3.4
Stealth        | 2 |  2.8
Short Blades   | 2 |  2.0
Armour         | |  2.0

Action                   |  1- 3 |  4- 6 |  7- 9 || total
-------------------------+-------+-------+-------++-------
Melee: Club              |    57 |       |       ||    57
       Punch             |     1 |     6 |       ||     7
       Mace              |    12 |    61 |       ||    73
       Dagger            |       |    58 |   113 ||   171
Evoke: Wand              |     6 |    13 |     7 ||    26
 Stab: Sleeping          |     1 |       |       ||     1
Armor: Leather armour    |    29 |    35 |       ||    64
       Ring mail         |       |    49 |    40 ||    89
Dodge: Dodged            |    50 |    79 |    64 ||   193
